 Dungeon Crawl Stone Soup version 0.25.1-8-g42b30a86e7 (webtiles) character file.

Game seed: 6846865239118832398

12 Azimut41r the Charlatan (level 2, -12/23 HPs)
             Began as a Gnoll Artificer on Dec 13, 2020.
             Killed themself with a badly aimed iceblast (23 damage)
             ... on level 1 of the Dungeon.
             The game lasted 00:00:16 (73 turns).

Azimut41r the Charlatan (Gnoll Artificer)             Turns: 73, Time: 00:00:17

Health: -12/23     AC:  3    Str: 14    XL:     2   Next: 33%
Magic:  6/6        EV: 14    Int: 13    God:
Gold:   10         SH:  0    Dex: 15    Spells: 1/1 levels left

rFire    . . .     SeeInvis .   a - +0 short sword
rCold    . . .     Gourm    .   (no shield)
rNeg     . . .     Faith    .   b - +0 leather armour
rPois    .         Spirit   .   (no helmet)
rElec    .         Reflect  .   (no cloak)
rCorr    .         Harm     .   (no gloves)
MR       .....                  (no boots)
Stlth    ++........             (no amulet)
HPRegen  0.07/turn              (no ring)
MPRegen  0.10/turn              (no ring)

@: no status effects
A: distributed training, fangs 1, strong nose
a: no special abilities


You were on level 1 of the Dungeon.
You were not hungry.

You visited 1 branch of the dungeon, and saw 1 of its levels.

You collected 10 gold pieces.

Inventory:

Hand Weapons
 a - a +0 short sword (weapon)
Armour
 b - a +0 leather armour (worn)
Wands
 c - a wand of flame (15)
 d - a wand of enslavement (15)
 e - a wand of random effects (15)
Scrolls
 g - a scroll of fear {unknown}
Potions
 h - a potion of curing {unknown}
Comestibles
 f - a ration


   Skills:
 + Level 2.4 Fighting
 + Level 2.4 Short Blades
 + Level 0.3 Long Blades
 + Level 0.3 Axes
 + Level 0.3 Maces & Flails
 + Level 0.3 Polearms
 + Level 0.3 Staves
 + Level 0.3 Slings
 + Level 0.3 Bows
 + Level 0.3 Crossbows
 + Level 0.3 Throwing
 + Level 0.3 Armour
 + Level 4.4 Dodging
 + Level 2.2 Stealth
 + Level 0.3 Shields
 + Level 0.3 Unarmed Combat
 + Level 0.3 Spellcasting
 + Level 0.2 Conjurations
 + Level 0.2 Hexes
 + Level 0.2 Charms
 + Level 0.2 Summonings
 + Level 0.2 Necromancy
 + Level 0.2 Translocations
 + Level 0.2 Transmutations
 + Level 0.2 Fire Magic
 + Level 0.2 Ice Magic
 + Level 0.2 Air Magic
 + Level 0.2 Earth Magic
 + Level 0.2 Poison Magic
 + Level 0.4 Invocations
 + Level 6.4 Evocations


You had one spell level left.
You didn't know any spells.
Your spell library was empty.

Dungeon Overview and Level Annotations

Branches:
Dungeon (1/15)

Altars:


Innate Abilities, Weirdness & Mutations

Your experience applies equally to all skills.
You have very sharp teeth.
Your uncanny sense of smell can sniff out nearby items.


Message History

You kill the rat!
The hobgoblin hits you. The gnoll misses you.
You barely miss the gnoll. The hobgoblin misses you.
The gnoll hits you with a +0 flail.
You are too injured to fight recklessly!
You are too injured to fight recklessly!
You are too injured to fight recklessly!
You are too injured to fight recklessly!
You are too injured to fight recklessly!
You are too injured to fight recklessly!
Evoke which item? (* to show all) (? for menu, Esc to quit)
Aiming: Random Effects
Press: ? - help, Shift-Dir - straight line, f - gnoll
Aim: a gnoll, wielding a +0 flail The mass of ice explodes!
The iceblast engulfs the gnoll!
You kill the gnoll!
You have reached level 2!
The iceblast engulfs you!!
Ouch! That really hurt!
You die...

...###....##
.....##....# .# ∆
###...##...## .#
..##...#....# .# ∆
<......#....# #.### ∆
..##...#....# .....
###...##...######..#
..##....#...%†..#
.###....##....@g.#
####.....##.....)..#
.......###....###......
....####.....## ..####
#.###.(.....## ..#
.........#### ...
......#### .#.# #######
.#.# ∆


You could see a hobgoblin.

Vanquished Creatures
  A gnoll (D:1)
  A bat (D:1)
  A rat (D:1)
3 creatures vanquished.

Notes
Turn   | Place    | Note
-------+----------+-------------------------------------------
     0 | D:1      | Azimut41r the Gnoll Artificer began the quest for the Orb.
     0 | D:1      | Reached XP level 1. HP: 17/17 MP: 4/4
    73 | D:1      | Reached XP level 2. HP: 11/23 MP: 6/6
    73 | D:1      | Killed themself with a badly aimed iceblast

Illustrated notes

Levels and vault maps discovered:
D:1:      dpeg_arrival_circle_labyrinth_c, layout_loops_ring,
          minmay_misc_feat_four_crosses

Action                   || total
-------------------------++-------
Melee: Short sword       ||     9
Armor: Leather armour    ||     1
Dodge: Dodged            ||    17
